 Dungeon Crawl Stone Soup version 0.25.1-2-g60ff931df9 (webtiles) character file.

Game seed: 15836576085269985174

88 gbos the Shield-Bearer (level 4, -1/41 HPs)
             Began as a Gnoll Fighter on Nov 19, 2020.
             Slain by Sigmund
             ... wielding a +0 scythe
              (6 damage)
             ... on level 2 of the Dungeon.
             The game lasted 00:00:15 (1634 turns).

gbos the Shield-Bearer (Gnoll Fighter)              Turns: 1634, Time: 00:00:16

Health: -1/41      AC:  7    Str: 19    XL:     4   Next: 53%
Magic:  5/5        EV:  8    Int: 11    God:
Gold:   141        SH: 10    Dex: 14    Spells: 5/5 levels left

rFire    . . .     SeeInvis .   Y - +1 war axe
rCold    . . .     Gourm    .   c - +0 kite shield
rNeg     . . .     Faith    .   b - +0 scale mail
rPois    .         Spirit   .   (no helmet)
rElec    .         Reflect  .   (no cloak)
rCorr    .         Harm     .   (no gloves)
MR       .....                  (no boots)
Stlth    ..........             (no amulet)
HPRegen  0.13/turn              (no ring)
MPRegen  0.09/turn              (no ring)

@: no status effects
A: distributed training, fangs 1, strong nose
a: no special abilities


You were on level 2 of the Dungeon.
You were not hungry.

You visited 1 branch of the dungeon, and saw 2 of its levels.

You collected 141 gold pieces.


Innate Abilities, Weirdness & Mutations

Your experience applies equally to all skills.
You have very sharp teeth.
Your uncanny sense of smell can sniff out nearby items.


   Skills:
 + Level 6.6 Fighting
 + Level 1.1 Short Blades
 + Level 1.1 Long Blades
 + Level 4.6 Axes
 + Level 1.1 Maces & Flails
 + Level 1.1 Polearms
 + Level 1.1 Staves
 + Level 1.1 Slings
 + Level 1.1 Bows
 + Level 1.1 Crossbows
 + Level 1.1 Throwing
 + Level 6.6 Armour
 + Level 1.1 Dodging
 + Level 1.1 Stealth
 + Level 6.6 Shields
 + Level 1.1 Unarmed Combat
 + Level 1.1 Spellcasting
 + Level 0.9 Conjurations
 + Level 0.9 Hexes
 + Level 0.9 Charms
 + Level 0.9 Summonings
 + Level 0.9 Necromancy
 + Level 0.9 Translocations
 + Level 0.9 Transmutations
 + Level 0.9 Fire Magic
 + Level 0.9 Ice Magic
 + Level 0.9 Air Magic
 + Level 0.9 Earth Magic
 + Level 0.9 Poison Magic
 + Level 1.2 Invocations
 + Level 1.1 Evocations


You had 5 spell levels left.
You didn't know any spells.
Your spell library was empty.

Inventory:

Hand Weapons
 k - a +0 mace
 Y - a +1 war axe (weapon)
Armour
 b - a +0 scale mail (worn)
 c - a +0 kite shield (worn)
 j - a +0 helmet
Jewellery
 l - an uncursed ring of stealth {unknown}
Wands
 a - a wand of iceblast (2)
Scrolls
 h - a scroll of enchant armour {unknown}
 m - a scroll of identify
 n - a scroll of teleportation {unknown}
 p - a scroll of remove curse {unknown}
Potions
 d - a potion of might
 f - a potion of stabbing {unknown}
 i - a potion of curing {unknown}
 o - a potion of invisibility {unknown}
Comestibles
 e - 3 rations

Dungeon Overview and Level Annotations

Branches:
Dungeon (2/15)

Altars:
Fedhas
Qazlal
Ru
Vehumet
Wu Jian

Annotations:
D:2 1 runed translucent door, Crazy Yiuf, Sigmund


Message History

The puff of flame hits you.
Sigmund drinks a potion.
Sigmund seems to grow stronger.
You hit Sigmund. You bite Sigmund, but do no damage.
Sigmund is lightly wounded.
Sigmund hits you with a +0 scythe!
You hit Sigmund.
Sigmund is lightly wounded.
Sigmund hits you with a +0 scythe!
You hit Sigmund.
Sigmund is moderately wounded.
Sigmund gestures wildly while chanting.
Sigmund flickers and vanishes!
Deactivating autopickup; reactivate with Ctrl-A.
You miss something. Your bite misses something. Something hits you.
You barely miss something. Something hits you!
You slash something! Your bite misses something. Something hits you.
You die...

#....##.#...# ##.##
####.##.##.## #...###
#.......# #.....#
#....#### #...#.#
#.#### #####.# #.# #.#
#.# ###### #.# #.#
#.....####.#
####.######....{@....#
.........###.#########
####.##### ####.#
.....# ######


There were no monsters in sight!

Vanquished Creatures
  Natasha (D:2)
  An adder (D:2)
  An ooze (D:2)
  2 dart slugs (D:1)
  A leopard gecko (D:2)
  4 giant cockroaches
  3 goblins
  4 hobgoblins
  6 jackals
  2 kobolds
  A quokka (D:2)
  7 bats (D:1)
  4 frilled lizards
  6 rats
43 creatures vanquished.

Notes
Turn   | Place    | Note
-------+----------+-------------------------------------------
     0 | D:1      | gbos the Gnoll Fighter began the quest for the Orb.
     0 | D:1      | Reached XP level 1. HP: 23/23 MP: 1/1
     0 | D:1      | 0 ||| counter = 284
    43 | D:1      | Reached XP level 2. HP: 29/29 MP: 2/2
   303 | D:1      | 303 ||| DROPPING +0 club.
   372 | D:1      | Reached XP level 3. HP: 35/35 MP: 3/3
   715 | D:1      | 715 ||| READING scroll labeled JOREZE NIKH.
   716 | D:1      | 716 ||| READING scroll labeled COENEESSEJ.
   755 | D:2      | Found an ornate altar of the Wu Jian Council.
   756 | D:2      | Found a sacrificial altar of Ru.
   758 | D:2      | Found a radiant altar of Vehumet.
   876 | D:2      | Found a blossoming altar of Fedhas.
   880 | D:2      | Found a stormy altar of Qazlal.
   922 | D:2      | Reached skill level 1 in Invocations
  1214 | D:2      | Reached skill level 1 in Short Blades
  1214 | D:2      | Reached skill level 1 in Long Blades
  1214 | D:2      | Reached skill level 1 in Maces & Flails
  1214 | D:2      | Reached skill level 1 in Polearms
  1214 | D:2      | Reached skill level 1 in Staves
  1214 | D:2      | Reached skill level 1 in Slings
  1214 | D:2      | Reached skill level 1 in Bows
  1214 | D:2      | Reached skill level 1 in Crossbows
  1214 | D:2      | Reached skill level 1 in Throwing
  1214 | D:2      | Reached skill level 1 in Dodging
  1214 | D:2      | Reached skill level 1 in Stealth
  1214 | D:2      | Reached skill level 1 in Unarmed Combat
  1214 | D:2      | Reached skill level 1 in Spellcasting
  1214 | D:2      | Reached skill level 1 in Evocations
  1214 | D:2      | Reached XP level 4. HP: 33/41 MP: 5/5
  1310 | D:2      | Found a runed translucent door.
  1311 | D:2      | Noticed Crazy Yiuf
  1400 | D:2      | Noticed Natasha
  1417 | D:2      | Killed Natasha
  1497 | D:2      | 1497 ||| EATING 4 rations.
  1625 | D:2      | Noticed Sigmund
  1633 | D:2      | HP: 5/41 [something (9)]
  1634 | D:2      | Slain by Sigmund

Levels and vault maps discovered:
D:1:      lightli_arrival_isolated_outpost, layout_loops_ring, minmay_domino_2
D:2:      layout_loops_ring, grunt_temple_overflow_forces_of_nature,
          chequers_temple_overflow_statue_of_worship,
          yredelemnul_forgotten_temple_becter, minmay_misc_feat_pillars,
          uniq_natasha, uniq_crazy_yiuf_cottage, uniq_sigmund

Skill      XL: |  1  2  3 |
---------------+----------+-----
Invocations    | 1 |  1.2
Short Blades   | 1 |  1.1
Long Blades    | 1 |  1.1
Maces & Flails | 1 |  1.1
Polearms       | 1 |  1.1
Staves         | 1 |  1.1
Slings         | 1 |  1.1
Bows           | 1 |  1.1
Crossbows      | 1 |  1.1
Throwing       | 1 |  1.1
Dodging        | 1 |  1.1
Stealth        | 1 |  1.1
Unarmed Combat | 1 |  1.1
Spellcasting   | 1 |  1.1
Evocations     | 1 |  1.1
Fighting       | |  6.6
Axes           | |  4.6
Armour         | |  6.6
Shields        | |  6.6
Conjurations   | |  0.9
Hexes          | |  0.9
Charms         | |  0.9
Summonings     | |  0.9
Necromancy     | |  0.9
Translocations | |  0.9
Transmutations | |  0.9
Fire Magic     | |  0.9
Ice Magic      | |  0.9
Air Magic      | |  0.9
Earth Magic    | |  0.9
Poison Magic   | |  0.9

Action                   |  1- 3 |  4- 6 || total
-------------------------+-------+-------++-------
Melee: War axe           |   105 |    24 ||   129
       Bite              |     9 |     4 ||    13
  Use: Scroll            |     2 |       ||     2
  Eat: Chunk             |     1 |       ||     1
       Ration            |       |     1 ||     1
Armor: Scale mail        |    48 |     2 ||    50
Dodge: Dodged            |    35 |     6 ||    41
Block: Kite shield       |    74 |     7 ||    81

Table legend:
 A = Non-vault XP
 B = Vault XP
 C = Vault XP percentage of total XP
 D = Non-vault monster count
 E = Vault monster count
 F = Vault count percentage of total count
                 A         B        C        D         E       F
            +---------+---------+-------+---------+---------+-------
      Total |      89 |      37 |  29.4 |      41 |       2 |   4.7
            +---------+---------+-------+---------+---------+-------
        D:1 |      42 |       2 |   4.5 |      23 |       1 |   4.2
        D:2 |      47 |      35 |  42.7 |      18 |       1 |   5.3
            +---------+---------+-------+---------+---------+-------
